 Dungeon Crawl Stone Soup version 0.19-a0-944-gb338e1e (webtiles) character file.

1546 Implojin the Grappler (level 8, 74/74 HPs)
             Began as a Troll Fighter on July 10, 2016.
             Quit the game on level 7 of the Dungeon.
             The game lasted 00:10:54 (2147 turns).

Implojin the Grappler (Troll Fighter)               Turns: 2147, Time: 00:10:55

Health: 74/74      AC:  5    Str: 25    XL:     8   Next: 57%
Magic:  7/7        EV:  8    Int:  4    God:
Gold:   86         SH: 10    Dex: 11    Spells: 0 memorised, 7 levels left

rFire  . . .     SeeInvis .       - Unarmed
rCold  . . .     Gourm    +     a - +0 robe
rNeg   . . .     Faith    .     b - +1 shield
rPois  .         Spirit   .     (helmet restricted)
rElec  .         Dismiss  .     (no cloak)
rCorr  .         Reflect  .     (gloves unavailable)
SustAt .         Harm     .     (boots unavailable)
MR     .....                    (no amulet)
Stlth  +.........               u - ring of wizardry
                                c - ring of flight

@: not resistant to hostile enchantments, very unstealthy
A: unfitting armour, claws 3, fast metabolism 3, gourmand, regeneration 2,
shaggy fur 1, tough skin 2
a: Evoke Flight


You were on level 7 of the Dungeon.
You were full.

You visited 1 branch of the dungeon, and saw 8 of its levels.

You collected 86 gold pieces.

Inventory:

Hand Weapons
 r - a +0 morningstar
 t - a cursed -1 flail
Armour
 a - a +0 robe (worn)
 b - a +1 shield (worn)
Jewellery
 c - a ring of flight (left claw)
 f - an uncursed ring of teleportation
 u - a ring of wizardry (right claw)
Wands
 k - a wand of confusion (17/48)
Scrolls
 j - a scroll of enchant armour
 l - 3 scrolls of teleportation
 m - 2 scrolls of noise
 n - 2 scrolls of fog
 v - a scroll of fear
 y - a scroll of amnesia
Potions
 e - a potion of agility
 g - a potion of heal wounds
 h - a potion of flight
 i - a potion of degeneration {unknown}
 p - 2 potions of cancellation
 w - a potion of magic {unknown}
 x - 2 potions of curing
Books
 s - an Akashic Record

   Spells                             Type                      Level
   a - Dispersal                      Translocation                6
   b - Malign Gateway                 Summoning/Translocation      7
   c - Disjunction                    Translocation                8
   d - Controlled Blink               Translocation                8
 z - a book of Minor Magic

   Spells                             Type                      Level
   a - Magic Dart                     Conjuration                  1
   b - Blink                          Translocation                2
   c - Call Imp                       Summoning                    2
   d - Repel Missiles                 Charms/Air                   2
   e - Slow                           Hexes                        2
   f - Conjure Flame                  Conjuration/Fire             3
   g - Mephitic Cloud                 Conjuration/Poison/Air       3
Comestibles
 d - 4 bread rations
 o - a royal jelly
 A - a meat ration


   Skills:
 - Level 2.4 Fighting
 - Level 2.4 Dodging
 - Level 2.4 Shields
 * Level 10.9 Unarmed Combat


You had 7 spell levels left.
You didn't know any spells.

Dungeon Overview and Level Annotations

Branches:
Dungeon (8/15)
 Temple: D:4-7         Lair: D:8-11

Altars:
Ashenzari
Elyvilon

Shops:
D:5 (


Innate Abilities, Weirdness & Mutations

You are too large for most types of armour.
You have claws for hands.
Your metabolism is lightning-fast.
You like to eat raw meat.
You heal very quickly.
You are covered in fur. (AC +1)
You have very tough skin. (AC +2)


Message History

The adder is lightly wounded.
The adder bites you but does no damage. The adder barely misses you.
You barely miss the adder.
The adder is lightly wounded.
The adder bites you but does no damage.
You claw the adder!
You kill the adder!
You see here an adder corpse.
There is an open door here.
You enter the shallow water.
Moving in this stuff is going to be slow.
There is a collapsed entrance here.
You enter the shallow water.
Moving in this stuff is going to be slow.
There is an open door here.
There is a stone staircase leading down here.
You climb downwards.
Found an encrusted dagger.
There is a stone staircase leading up here.
Unknown command.
As you read the scroll of identify, it crumbles to dust.
h - a potion of flight
As you read the scroll labeled COLYECEPPO, it crumbles to dust.
It is a scroll of enchant armour.
Enchant which item? (? for menu, Esc to quit)
Your +0 shield glows green for a moment.
As you read the scroll labeled ULYLUC FUAFIP, it crumbles to dust.
You assume a fearsome visage.
Nothing appears to happen.
It was a scroll of fear.
There is a stone staircase leading down here.
Found a long sword.
You see here a long sword.
An adder comes into view.
The adder hisses angrily.
You block the adder's attack.
You closely miss the adder. You block the adder's attack.
You closely miss the adder. The adder barely misses you.
You mangle the adder!!
You kill the adder!
Are you sure you want to abandon this character and quit the game? (Confirm with "yes".)

.......#...#####.....###...######
##............######.............
#.....######.# #####.########
##.....# #.# #.# .....#.# #.# #.#
######.# #.# #.# # #.# #.# #.# #
#.# #.##########.# # #.#
#...@........# # ############## #
# #


There were no monsters in sight!

Vanquished Creatures
  A hungry ghost (D:7)
  An orc warrior (D:7)
  2 black bears (D:6)
  A necrophage (D:6)
  2 ogres
  A big kobold (D:5)
  A scorpion (D:8)
  4 killer bees (D:7)
  2 crimson imps
  A jelly (D:6)
  A centaur skeleton (D:7)
  An orc priest (D:5)
  A hound (D:4)
  2 orc wizards
  An iguana (D:7)
  2 worker ants
  A hound skeleton (D:5)
  4 gnolls (D:7)
  9 adders
  A shadow imp (D:7)
  3 oozes
  2 adder skeletons
  A worm (D:6)
  A dart slug (D:1)
  4 giant geckos
  13 orcs
  A ball python (D:4)
  15 giant cockroaches
  2 goblins (D:3)
  2 hobgoblins
  2 jackals (D:4)
  2 quokkas
  A giant gecko skeleton (D:4)
  A giant newt (D:5)
  A jackal skeleton (D:4)
  22 kobolds
  A quokka skeleton (D:7)
  2 rats
115 creatures vanquished.

Notes
Turn   | Place    | Note
-------+----------+-------------------------------------------
     0 | D:1      | Implojin the Troll Fighter began the quest for the Orb.
     0 | D:1      | Reached XP level 1. HP: 22/22 MP: 0/0
    44 | D:1      | Reached XP level 2. HP: 29/29 MP: 1/1
   149 | D:3      | Reached skill level 3 in Unarmed Combat
   242 | D:3      | Reached XP level 3. HP: 36/36 MP: 2/2
   399 | D:3      | Reached skill level 4 in Unarmed Combat
   399 | D:3      | Reached XP level 4. HP: 44/44 MP: 3/3
   492 | D:5      | Entered Level 5 of the Dungeon
   524 | D:6      | Reached skill level 5 in Unarmed Combat
   660 | D:4      | Reached XP level 5. HP: 44/50 MP: 4/4
   794 | D:4      | Reached skill level 6 in Unarmed Combat
   935 | D:7      | Noticed a hungry ghost
   950 | D:7      | Killed a hungry ghost
   950 | D:7      | Reached skill level 7 in Unarmed Combat
   950 | D:7      | Reached XP level 6. HP: 58/59 MP: 5/5
   965 | D:7      | Noticed an orc warrior
   990 | D:7      | Killed an orc warrior
   990 | D:7      | Reached XP level 7. HP: 35/66 MP: 6/6
  1059 | D:8      | Reached skill level 8 in Unarmed Combat
  1153 | D:7      | Reached skill level 9 in Unarmed Combat
  1157 | D:7      | HP: 2/66 [killer bee (9)]
  1215 | D:6      | Found a white marble altar of Elyvilon.
  1217 | D:6      | Found a shattered altar of Ashenzari.
  1227 | D:6      | Reached XP level 8. HP: 15/74 MP: 7/7
  1326 | D:4      | Reached skill level 10 in Unarmed Combat
  1490 | D:5      | Found Xiotor's Antique Weapon Shoppe.
  2147 | D:7      | Quit the game

Vault maps used:
D:1:      minmay_arrival_doors
D:2:      wad_river_or_something, marbit_many_paths, first_bread,
          serial_aquarium, aquarium_bridge_straight, aquarium_window_fake,
          aquarium_window_corner, aquarium_view_2d, aquarium_balcony_5b,
          aquarium_pool_2
D:3:      minmay_roachtagon, minitemple, ecumenical_altar_2
D:4:      serial_corexii_hall, corexii_hall_statues_i, corexii_hall_statues_i
D:5:      kennysheep_kobold_camp, serial_shops, shop
D:6:      grunt_temple_overflow_open, gup_sewer_entry_glass
D:8:      hangedman_pestilent_swarm, wad_dig_loot, uniq_joseph, uniq_erica,
          uniq_gastronok

Skill      XL: |  1  2  3  4  5  6  7  8 |
---------------+-------------------------+-----
Unarmed Combat | 3 4 5 7 9 10 | 10.9
Fighting       | |  2.4
Dodging        | |  2.4
Shields        | |  2.4

Action                   |  1- 3 |  4- 6 |  7- 9 || total
-------------------------+-------+-------+-------++-------
Melee: Unarmed           |    56 |   110 |   164 ||   330
  Use: Scroll            |       |    10 |     4 ||    14
       Potion            |       |     1 |     3 ||     4
  Eat: Chunk             |     8 |     1 |     8 ||    17
       Meat ration       |       |     1 |       ||     1
       Bread ration      |       |       |     1 ||     1
Armor: Robe              |    20 |    31 |    45 ||    96
Dodge: Dodged            |    21 |    29 |    60 ||   110
Block: Shield            |    27 |    44 |    77 ||   148

Table legend:
 A = Turns spent in this place as a percentage of turns spent in the entire game.
 B = Non-inter-level travel turns spent in this place as a percentage of non-inter-level travel turns spent in the entire game.
 C = Inter-level travel turns spent in this place as a percentage of turns spent in this place.
 D = Turns resting spent in this place as a percentage of non-inter-level travel turns spent in this place.
 E = Turns spent auto-exploring this place as a percentage of non-inter-level travel turns spent in this place.
 F = Non-inter-level travel turns spent in this place divided by the number of levels of this place that you've seen.
                   A       B       C       D       E      F
               +-------+-------+-------+-------+-------+----------------------
         Total | 100.0 | 100.0 |   0.0 |   0.0 |   0.0 | 259.8
       Dungeon | 100.0 | 100.0 |   0.0 |   0.0 |   0.0 | 259.8
               +-------+-------+-------+-------+-------+----------------------

Table legend:
 A = Kills in this place as a percentage of kills in entire the game.
 B = Kills by you in this place as a percentage of kills by you in the entire game.
 C = Kills by friends in this place as a percentage of kills by friends in the entire game.
 D = Other kills in this place as a percentage of other kills in the entire game.
 E = Experience gained in this place as a percentage of experience gained in the entire game.
 F = Experience gained in this place divided by the number of levels of this place that you have seen.
                   A       B       C       D       E      F
               +-------+-------+-------+-------+-------+----------------------
         Total | 100.0 | 100.0 |  -nan |  -nan | 100.0 | 276.1
       Dungeon | 100.0 | 100.0 |  -nan |  -nan | 100.0 | 276.1
               +-------+-------+-------+-------+-------+----------------------
